Cogmind - Beta 15 @@@ ROGUE MODE // 2025.07.29 @ 10:29:01 Player: Zoe Result: Destroyed by G-47 Trooper with Particle Gun Performance ------------- Evolutions (2) 1000 Regions Visited (5) 1000 Robots Destroyed (35) 175 Value Destroyed (1097) 1097 Prototype IDs (1) 20 Alien Tech Used (0) 0 Bonus (0) 0 TOTAL SCORE: 3292 Bonus ------- None Cogmind --------- Core Integrity 0/550 Matter 300/300 Energy 100/100 System Corruption 0% Temperature Cool (9) Movement Core (100) Ox1 Location -8/Storage Parts ------- > --- POWER (2) -------- (None) > --- PROPULSION (3) --- (None) > --- UTILITY (3) ------ Small Storage Unit > --- WEAPON (3) ------- (None) > --- INVENTORY (8) ---- Light Deuterium Engine Nuclear Core Light Treads Aluminum Leg Heavy Assault Rifle Improved Assault Rifle Improved Assault Rifle Improved Assault Rifle Peak State ------------ > --- POWER ------------ Light Deuterium Engine Nuclear Core > --- PROPULSION ------- Light Treads Light Treads Light Treads > --- UTILITY ---------- Small Storage Unit Improved Terrain Scanner Hardened Medium Armor Plating > --- WEAPON ----------- Pulse Rifle Pulse Rifle Pulse Rifle > --- INVENTORY -------- Light Deuterium Engine Light Nuclear Core Aluminum Leg Heavy Assault Rifle Plasma Cutter [Rating: 26] Favorites ----------- Power Light Deuterium Engine Engine Light Deuterium Engine Power Core Light Nuclear Core Propulsion Light Treads Treads Light Treads Utility Small Storage Unit Device Improved Terrain Scanner Storage Small Storage Unit Processor Improved Terrain Scan Processor Protection Light Armor Plating Weapon Pulse Rifle Energy Gun Pulse Rifle Energy Cannon EM Pulse Cannon Ballistic Gun Heavy Assault Rifle Ballistic Cannon Assault Cannon Build | -11 -10 -9 -9 -8 -8 ------- Run | Yrd Mat Mat Min Mat Sto Slots Evolved 4 | . . 2 . 2 . Power 1 | . . . . 1 . Propulsion 1 | . . . . 1 . Utility 1 | . . 1 . . . Weapon 1 | . . 1 . . . Parts Attached 39 | 7 3 16 3 9 1 Power 9 | 1 . 3 2 3 . Engine 7 | 1 . 3 2 1 . Core 2 | . . . . 2 . Reactor . | . . . . . . Propulsion 9 | 2 . 5 1 1 . Treads 9 | 2 . 5 1 1 . Leg . | . . . . . . Wheel . | . . . . . . Hover . | . . . . . . Flight . | . . . . . . Utility 7 | 2 . 3 . 2 . Device 3 | 1 . 1 . 1 . Storage 1 | 1 . . . . . Processor 1 | . . 1 . . . Hackware . | . . . . . . Protection 2 | . . 1 . 1 . Artifact . | . . . . . . Weapon 14 | 2 3 5 . 3 1 Energy Gun 6 | 1 1 3 . 1 . Energy Cannon 1 | . . . . 1 . Ballistic Gun 6 | 1 2 2 . . 1 Ballistic Cannon 1 | . . . . 1 . Launcher . | . . . . . . Special Weapon . | . . . . . . Impact Weapon . | . . . . . . Slashing Weapon . | . . . . . . Piercing Weapon . | . . . . . . Special Melee Weapon . | . . . . . . Unidentified Prototypes 1 | . . . . . 1 Parts Lost 10 | . . . . . 10 Power 2 | . . . . . 2 Propulsion 3 | . . . . . 3 Utility 2 | . . . . . 2 Weapon 3 | . . . . . 3 Highest Loss Streak 5 | . . . . . 5 To Critical Strikes . | . . . . . . Average Backups 7 | 5 7 7 7 5 7 Power 1 | . . . 1 1 2 Propulsion 2 | 3 3 3 2 1 2 Utility . | . 1 . . . . Weapon 1 | 1 2 1 2 1 3 Tool/Special . | . . . . . . Unused Backups 14 | . 6 2 . . 6 Power 2 | . 1 1 . . . Propulsion 5 | . 3 . . . 2 Utility . | . . . . . . Weapon 6 | . 2 1 . . 3 Tool/Special 1 | . . . . . 1 Average Slot Usage (%) 93 | . 100 94 100 99 69 Engine 10 | . 14 11 11 10 8 Core 2 | . . . . 7 5 Treads 22 | . 28 21 22 26 18 Device 10 | . 14 10 11 9 5 Storage 10 | . 14 11 11 9 9 Protection 7 | . . 7 11 9 3 Energy Gun 15 | . 9 3 33 24 4 Energy Cannon 1 | . . . . 1 4 Ballistic Gun 11 | . 18 28 . . 7 Peak Build Rating 26 | 10 12 20 20 26 24 Average Rating 16 | 6 10 15 20 24 16 On Entrance 14 | . 10 12 20 20 24 Naked Turns . | . . . . . . Heaviest Build 38 | 13 17 25 23 38 38 Greatest Support 60 | 40 40 40 40 60 60 Greatest Overweight (x) 9 | 3 . 1 1 . 9 Average Overweight (x) . | . . . . . 1 Largest Inventory Capacity 8 | 8 8 8 8 8 8 Average Capacity 7 | 7 8 8 8 8 8 Most Carried 8 | 8 8 8 8 8 8 Average Carried 7 | 5 7 7 7 5 7 Final Capacity 8 | 8 8 8 8 8 8 Final Carried 8 | 8 7 8 6 8 8 Class Distribution -------------------- 37% | Tank 26% | Mutant 25% | Scavenger-Tank 7% | Skirmisher Dominant Class ---------------- Mutant | -10/Materials Scavenger-Tank | -9/Materials Tank | -9/Mines Tank | -8/Materials Mutant | -8/Storage Resources | -11 -10 -9 -9 -8 -8 ----------- Run | Yrd Mat Mat Min Mat Sto Matter Collected 1113 | 287 55 397 129 225 20 Remotely . | . . . . . . Salvage Created 1324 | 78 81 692 69 242 162 Parts 86 | 12 5 44 2 16 7 Haulers Intercepted 1 | . . . . 1 . Recyclers Shooed 2 | . 1 . . 1 . Parts Field Recycled . | . . . . . . Retrieved Matter . | . . . . . . Parts Self-Destructed . | . . . . . . Prevented . | . . . . . . Kills | -11 -10 -9 -9 -8 -8 ------- Run | Yrd Mat Mat Min Mat Sto Combat Hostiles Destroyed 28 | . 2 13 3 7 3 Guns 28 | . 2 13 3 7 3 Classes Destroyed 11 | 2 1 4 1 3 . Worker 2 | 1 . 1 . . . Tunneler 3 | 3 . . . . . Hauler 1 | . . . . 1 . Recycler 1 | . . 1 . . . Watcher 1 | . . 1 . . . Swarmer 3 | . . . . 3 . Grunt 16 | . 2 8 2 2 2 Duelist 1 | . . 1 . . . Sentry 6 | . . 4 . 1 1 Hunter 1 | . . . . 1 . Assembled 1 | . . . 1 . . Best Kill Streak 7 | 2 2 7 2 3 2 Combat Bots Only 5 | . 2 5 2 3 2 Max Kills in Single Turn 2 | 1 2 2 1 2 1 Gunslinging 1 | . 1 . . 1 . Exploded . | . . . . . . Melee . | . . . . . . Uniques/NPCs Destroyed . | . . . . . . Combat | -11 -10 -9 -9 -8 -8 -------- Run | Yrd Mat Mat Min Mat Sto Hostile Shots Fired 222 | . 15 58 20 39 90 Missed 59 | . 3 14 3 9 30 Hits 163 | . 12 44 17 30 60 Melee 3 | . . 2 1 . . Projectile 160 | . 12 42 16 30 60 AOE 3 | . . . 3 . . Critical Strikes 5 | . 1 1 . 2 1 Damage Taken 2752 | . 172 609 346 597 1028 Core 721 | . 54 117 . 230 320 Absorbed by Shields . | . . . . . . Core Remaining (%) 82 | 100 78 . 70 . . Volleys Fired 98 | 18 11 32 6 17 14 Largest 3 | 2 2 3 3 3 3 Hottest 189 | 60 46 189 189 189 149 Shots Fired 237 | 30 22 96 18 39 32 Gun 232 | 30 22 96 18 39 27 Cannon 5 | . . . . . 5 Launcher . | . . . . . . Special . | . . . . . . Kinetic 143 | 18 22 90 . . 13 Thermal 89 | 12 . 6 18 39 14 Explosive . | . . . . . . Electromagnetic 5 | . . . . . 5 Robot Hit Streak 11 | 6 11 10 5 10 9 Robot Miss Streak 4 | 2 2 4 1 3 2 Penetration Max . | . . . . . . Secondary Targets 3 | . 1 . 1 1 . Max Gunslinging Chain 1 | . 1 . 1 1 . Shots Hit Robots 149 | 19 16 57 11 25 21 Core Hits 62 | 8 5 26 4 12 7 Critical Kills . | . . . . . . Critical Parts Destroyed 3 | . 1 2 . . . Critical Strikes 5 | . 1 2 . 2 . Burn 2 | . . . . 2 . Destroy 3 | . 1 2 . . . Melee Attacks . | . . . . . . Impact . | . . . . . . Slashing . | . . . . . . Piercing . | . . . . . . Sneak Attacks . | . . . . . . Combat Hostiles . | . . . . . . Follow-up Attacks . | . . . . . . Damage Inflicted 2373 | 201 230 915 190 462 375 Guns 2319 | 201 230 911 190 462 325 Cannons 50 | . . . . . 50 Explosions . | . . . . . . Melee . | . . . . . . Ramming 4 | . . 4 . . . Kinetic 1352 | 110 230 859 . . 153 Thermal 967 | 91 . 52 190 462 172 Explosive . | . . . . . . Electromagnetic 50 | . . . . . 50 Impact . | . . . . . . Slashing . | . . . . . . Piercing . | . . . . . . Highest Corruption . | . . . . . . Average Corruption . | . . . . . . Corruption Purged . | . . . . . . Corruption Blocked . | . . . . . . Overload Shots . | . . . . . . Overflow Damage . | . . . . . . Projectiles . | . . . . . . Explosions . | . . . . . . Melee . | . . . . . . Knockbacks . | . . . . . . Impact . | . . . . . . Kinetic . | . . . . . . Secondary . | . . . . . . Self-Inflicted Damage . | . . . . . . Shots . | . . . . . . Rammed 1 | . . 1 . . . Targets Rammed 1 | . . 1 . . . Kicked . | . . . . . . Crushed . | . . . . . . Highest Temperature 626 | 40 47 264 614 626 544 Average Temperature 186 | 20 19 45 278 242 309 Received Heat Transfer 990 | . 111 192 66 180 441 Effects 45 | . . . 8 22 15 Shutdowns 12 | . . . 1 8 3 Energy Bleed 5 | . . . . 2 3 Interference 7 | . . . 1 2 4 Matter Decay 3 | . . . 1 2 . Short Circuit 4 | . . . 2 1 1 Damage (minor) 3 | . . . 1 2 . Damage (major) 8 | . . . 2 3 3 Damage (core) 3 | . . . . 2 1 Siege Activations . | . . . . . . Martial Activations . | . . . . . . Shielding Activations . | . . . . . . Robots Disrupted . | . . . . . . Combat Hostiles . | . . . . . . Robots Corrupted . | . . . . . . Combat Hostiles . | . . . . . . Parts Fried . | . . . . . . Impact Corruptions . | . . . . . . Robots Melted . | . . . . . . Combat Hostiles . | . . . . . . Parts Melted 1 | . . . . 1 . Heat Transferred 2235 | 200 . 111 407 1147 370 Parts Sabotaged . | . . . . . . Parts Stolen . | . . . . . . Parts Stripped . | . . . . . . Power Chain Reactions . | . . . . . . Alert | -11 -10 -9 -9 -8 -8 ------- Run | Yrd Mat Mat Min Mat Sto Maximum Alert Level . | . . . . . . Low Security (%) 100 | 100 100 100 100 100 100 Level 1 . | . . . . . . Level 2 . | . . . . . . Level 3 . | . . . . . . Level 4 . | . . . . . . Level 5 . | . . . . . . High Security . | . . . . . . Max Security . | . . . . . . Peak Influence 165 | 10 50 165 57 164 71 Initial 38 | . . 12 38 15 35 Average 49 | 1 5 89 10 111 15 Influence Increases 818 | 20 50 341 65 254 88 Destroy 0b10 Robot/C 540 | . 40 260 40 140 60 Destroy 0b10 Robot/NC 40 | 20 . 15 . 5 . Destroy Leader 134 | . 10 62 10 32 20 Successful Hack 7 | . . . . . 7 Disable Machine 15 | . . . . 15 . Destroy Structure 7 | . . 4 . 2 1 Lose Combat Pursuer 75 | . . . 15 60 . Influence Decreases 818 | 20 20 272 123 211 172 Entered New Map 154 | . . 18 61 26 49 Time Decay 614 | 20 20 254 62 185 73 Lost Part 50 | . . . . . 50 Squads Dispatched 5 | . 1 1 . 1 2 Investigation 1 | . . . . . 1 Extermination . | . . . . . . Reinforcement 4 | . 1 1 . 1 1 Assault . | . . . . . . Garrison . | . . . . . . Intercept . | . . . . . . Searches Triggered . | . . . . . . Construction Impeded 1 | . . 1 . . . Haulers Reinforced . | . . . . . . Active Scanning Responses . | . . . . . . Cargo Convoy Interrupts . | . . . . . . Stealth | -11 -10 -9 -9 -8 -8 --------- Run | Yrd Mat Mat Min Mat Sto Distress Signals 6 | . . 2 3 . 1 Communications Jammed . | . . . . . . Distress Signals . | . . . . . . Times Spotted 59 | . 2 21 9 13 14 Peak Tracking Total 8 | . 2 7 5 4 8 Tactical Retreats 4 | . . . 2 2 . Traps | -11 -10 -9 -9 -8 -8 ------- Run | Yrd Mat Mat Min Mat Sto Traps Triggered 1 | . . . . . 1 Indirectly . | . . . . . . Trap Hack Attempts . | . . . . . . Triggered . | . . . . . . Disarmed . | . . . . . . Reprogrammed . | . . . . . . Reused . | . . . . . . Traps Extracted . | . . . . . . Installed . | . . . . . . Triggered . | . . . . . . Machines | -11 -10 -9 -9 -8 -8 ---------- Run | Yrd Mat Mat Min Mat Sto Machines Disabled 2 | . . 1 . 1 . Max in Single Turn 1 | . . 1 . 1 . Machines Repaired . | . . . . . . Machines Dismantled . | . . . . . . Machines Sabotaged . | . . . . . . Overloaded Fab Kills . | . . . . . . Hacking | -11 -10 -9 -9 -8 -8 --------- Run | Yrd Mat Mat Min Mat Sto Machines Accessed 3 | . . . . . 3 Terminals 3 | . . . . . 3 Fabricators . | . . . . . . Repair Stations . | . . . . . . Recycling Units . | . . . . . . Scanalyzers . | . . . . . . Garrison Access . | . . . . . . Total Hacks 8 | . . . . . 8 Successful 3 | . . . . . 3 Failed 5 | . . . . . 5 Catastrophic 1 | . . . . . 1 Database Lockouts . | . . . . . . Manual . | . . . . . . Terminals 8 | . . . . . 8 Fabricators . | . . . . . . Repair Stations . | . . . . . . Recycling Units . | . . . . . . Scanalyzers . | . . . . . . Garrison Access . | . . . . . . Terminal Hacks 3 | . . . . . 3 Part Schematic 1 | . . . . . 1 Open Door 2 | . . . . . 2 Fabricator Hacks . | . . . . . . Repair Station Hacks . | . . . . . . Recycling Unit Hacks . | . . . . . . Scanalyzer . | . . . . . . Garrison Access Hacks . | . . . . . . Unauthorized Hacks . | . . . . . . Terminals . | . . . . . . Fabricators . | . . . . . . Repair Stations . | . . . . . . Recycling Units . | . . . . . . Scanalyzers . | . . . . . . Garrison Access . | . . . . . . Data Cores Recovered . | . . . . . . Used . | . . . . . . Hacking Detections 2 | . . . . . 2 Full Trace Events 1 | . . . . . 1 Feedback Events . | . . . . . . Feedback Blocked . | . . . . . . Robot Schematics Acquired . | . . . . . . Robots Built . | . . . . . . Authchips . | . . . . . . Time . | . . . . . . Total Robot Build Rating . | . . . . . . Part Schematics Acquired 1 | . . . . . 1 Parts Built . | . . . . . . Authchips . | . . . . . . Time . | . . . . . . Total Part Build Rating . | . . . . . . Parts Repaired . | . . . . . . Time . | . . . . . . Parts Recycled . | . . . . . . Recycled Matter . | . . . . . . Retrieved Matter . | . . . . . . Retrieved Components . | . . . . . . Parts Scanalyzed . | . . . . . . Part Schematics Acquired . | . . . . . . Parts Damaged . | . . . . . . Bothacking | -11 -10 -9 -9 -8 -8 ------------ Run | Yrd Mat Mat Min Mat Sto Used RIF Installer . | . . . . . . Robots Hacked . | . . . . . . Non-combat . | . . . . . . Combat . | . . . . . . Robot Hacks Applied . | . . . . . . Relay Couplers Released . | . . . . . . Fabnet Peak Effective % . | . . . . . . Robots Rewired . | . . . . . . Allies Hacked . | . . . . . . Hacks Repelled . | . . . . . . Allies | -11 -10 -9 -9 -8 -8 -------- Run | Yrd Mat Mat Min Mat Sto Total Allies . | . . . . . . Largest Group . | . . . . . . Highest-Rated Group . | . . . . . . Highest-Rated Ally . | . . . . . . Total Orders . | . . . . . . Ally Attacks . | . . . . . . Total Damage . | . . . . . . Kills . | . . . . . . Allies Corrupted . | . . . . . . Allies Melted . | . . . . . . Intel | -11 -10 -9 -9 -8 -8 ------- Run | Yrd Mat Mat Min Mat Sto Active Infowar (turns) 1611 | 107 226 556 447 275 . Terrain 1611 | 107 226 556 447 275 . Robot Analysis Total . | . . . . . . Derelict Logs Recovered 1 | . . . 1 . . Drone Launches . | . . . . . . Drone Recoveries . | . . . . . . Exploration | -11 -10 -9 -9 -8 -8 ------------- Run | Yrd Mat Mat Min Mat Sto Turns Passed 2099 | 205 226 560 447 383 278 Spaces Moved 840 | 88 91 161 224 168 108 Core 74 | 20 . . . . 54 Treads 766 | 68 91 161 224 168 54 Legs . | . . . . . . Wheels . | . . . . . . Hover . | . . . . . . Flight . | . . . . . . Fastest Speed 50 | 50 160 160 160 160 100 Average Speed 166 | 158 160 164 162 160 201 Slowest Speed 500 | 200 160 240 240 160 500 Overloaded Moves . | . . . . . . Propulsion Burnouts . | . . . . . . Robots Hopped . | . . . . . . Potential Cave-ins . | . . . . . . Cave-ins Triggered . | . . . . . . Exploration Rate (%) 26 | 4 21 21 70 14 30 Regions Visited 5 Branch Regions 2 Pre-discovered Areas . | . . . . . . Known Exits Taken . | . . . . . . Unknown Exits Taken 5 | 1 1 1 1 1 . Scrap Searched 2 | . . . 2 . . Spaces Dug . | . . . . . . Terrain Destroyed . | . . . . . . Melee . | . . . . . . Projectile . | . . . . . . AOE . | . . . . . . Terrain Rammed . | . . . . . . Walls Destroyed . | . . . . . . Machines Disabled . | . . . . . . Actions | -11 -10 -9 -9 -8 -8 --------- Run | Yrd Mat Mat Min Mat Sto Total 1353 | 127 153 387 294 250 142 Wait 305 | . 34 157 60 43 11 Move 835 | 87 90 160 223 167 108 Hop . | . . . . . . Pick Up 38 | 15 6 7 . 6 4 Fast Attach 9 | . 1 6 . 2 . Attach 13 | 7 . 3 . 3 . Detach 1 | . . 1 . . . Swap 20 | . 2 7 3 7 1 Drop 33 | . 9 13 2 5 4 Fire 98 | 18 11 32 6 17 14 Melee . | . . . . . . Ram . | . . . . . . Kick . | . . . . . . Crush 1 | . . 1 . . . Escape Stasis . | . . . . . . Rewire . | . . . . . . Trap . | . . . . . . Miscellaneous . | . . . . . . Route ------- -11/Scrapyard -10/Materials -9/Materials -9/Mines -8/Materials -8/Storage History --------- Turn | Location | Event 22 | -11/Scrapyard | Discovered new exit (range 15) 206 | -11/Scrapyard | Entered Materials 207 | -10/Materials | Met a group of wandering Federalists 302 | -10/Materials | Build established: Mutant 348 | -10/Materials | Discovered new exit (range 10) 432 | -10/Materials | Entered another Materials area 432 | -9/Materials | Evolved 2 slots: Utility x1, Weapon x1 643 | -9/Materials | Discovered new exit (range 14) 908 | -9/Materials | Build established: Scavenger-Tank 992 | -9/Materials | Entered Mines 1047 | -9/Mines | Learned Materials terminal intel 1195 | -9/Mines | Assembled infested the area 1200 | -9/Mines | Assisted by a Guerilla fighting off Assembled 1218 | -9/Mines | Build established: Tank 1347 | -9/Mines | Discovered new exit (range 16) 1439 | -9/Mines | Entered Materials 1439 | -8/Materials | Evolved 2 slots: Power x1, Propulsion x1 1440 | -8/Materials | Loaded intel: 12 terminal locations 1620 | -8/Materials | Discovered new exit (range 16) 1822 | -8/Materials | Entered Storage 1965 | -8/Storage | Core integrity fell below 50% 2031 | -8/Storage | Lost 5 parts (1p1n1u2w) 2062 | -8/Storage | Core integrity fell below 20% 2100 | -8/Storage | Destroyed by G-47 Trooper with Particle Gun Last Messages --------------- Dispatching Investigation squad. U-05 Engineer builds a Wall. W-25 Informer sends out distress signal. Broken Lgt. Treads destroyed. Lgt. Treads destroyed. Slug penetrates Wall. Slug penetrates Transfer Shaft. Transfer Shaft disabled. Penetrated by Slug. Slug penetrates Wall. ALERT: Hostiles spotted, dispatching reinforcements to Terminal S015. Slug penetrates Wall. Lgt. Deuterium Engine destroyed. Connecting with Door Terminal... >>Open(Door) Sealed Heavy Doors opened. K-01 Serf destroyed. Critical hit (Burn: +37). Imp. Assault Rifle destroyed. Map ----- +----------------------------------------------------+ | #######??????????????????????????????????????????? | | #??????????????????????????????????????????? | | #??????????????????????????????????????????? | | #??????????????????????????????????????????? | | #??????????????????????????????????????????? | | #??????????????????????????????????????????? | | #??????????????????????????????????????????? | | [ #??????????????????????????????????????????? | | % #??????????????????????????????????????????? | | ! #??????????????????????????????????????????? | | ####+##??????????????????????????????????????????? | | /] # #???????????????????????????????????????????? | | ] # #????????#############+#????????????????????? | | # ########## # ????????????????????? | | " / +^""" # ?????????????????????? | | T # ########## """ # ku ????????????????????? | | " # #??????### """ # ""????????????????????? | | # #??????#"" # """???????????????????? | | #### #??????#"T "" # a ""????????????????????? | | #??# #??????#"" " " # ""????????????????????? | | ???# #??????### """ # """???????????????????? | | ???# #????????# # ?????????????????????? | | ???# #############/######u##############?????????? | | ???# agg ????????? | | ???+ * r u g g g????????? | | ???# g @ ????????? | | ????##+#+#########/######/#########+#????????????? | | ?????????????##### #??? ??????????????????????? | | ?????????????#*** #???"""??????????????????????? | | ?????????????#*** #?? """"?????????????????????? | | ?????????????#####T##?? """"?????????????????????? | | ?????????????????###?? ????????????????????? | | ?????????????????????? """ ????????????????????? | | ?????????????????????# """ ?????????????????????? | | ?????????????????????# ??????????????????????????? | | ?????????????????????# ??????????????????????????? | | ?????????????????????????????????????????????????? | | ?????????????????????????????????????????????????? | | ?????????????????????????????????????????????????? | | | | | | | | | | | | | | | | | | | | | | | +----------------------------------------------------+ Best States ------------- Heat Dissipation 41 Energy Generation 23 Energy Capacity 280 Matter Stores 300 Matter Capacity 300 Sight Range 16 Terrain Scan Range 16 Terrain Scan Density 10 Armor Coverage 225 Evasion (%) 40 Recoil Reduction 3 Item Schematics ----------------- Transmission Jammer | -8/Storage | Hacked Robot Schematics ------------------ None Fabricated ------------ Nothing Repaired ---------- Nothing Alien Tech Used ----------------- None Achievements -------------- None Challenges ------------ None Game ------ Seed WeldingStorageExpander Manual? 0 Play Time 00:22:52 Cumulative 17.6 hours Start 2025.07.29 @ 10:05:17 End 2025.07.29 @ 10:29:01 Sessions 1 Manual Loads 0 Difficulty Rogue Special Mode None Game No. 34 Rogue 31 Adventurer 3 Explorer 0 Win Type - Total 0 Types 0/0/0/0/0/0/0/0/0/0 Lore% 12 Gallery% 18 Achievement% 18 Wizard Run 0 Options --------- Layout 1 ASCII 0 Keyboard 0 Movement Mouse Keybinds 0 Fullscreen 1 Font 24/Smallcaps Map View 50x35 Zoom Use 0% Tactical HUD 0 Map Filters NONE Filters NONE Steam 1 RUN: 696fb9a1-357c-4643-bf98-e7555262f26b